 Dungeon Crawl Stone Soup version 0.28.0-43-g3370ac3207 (webtiles) character file.

Game seed: 8366836458993203393

67 jimonade the Caller (level 4, -1/31 HPs)
             Began as a Merfolk Summoner on Mar 12, 2022.
             Slain by an adder (3 damage)
             ... on level 3 of the Dungeon.
             The game lasted 00:08:07 (2425 turns).

jimonade the Caller (Merfolk Summoner)              Turns: 2425, Time: 00:08:07

Health: -1/31      AC:  2    Str:  8    XL:     4   Next: 16%
Magic:  7/8        EV: 13    Int: 16    God:
Gold:   55         SH:  0    Dex: 14    Spells: 5/8 levels left

rFire   . . .      SeeInvis .   f - +0 spear
rCold   . . .      Faith    .   (no shield)
rNeg    . . .      Spirit   .   a - +0 robe
rPois   .          Reflect  .   (no helmet)
rElec   .          Harm     .   (no cloak)
rCorr   .          Rampage  .   (no gloves)
Will    .....                   (no boots)
Stlth   ++........              (no amulet)
HPRegen 0.10/turn               (no ring)
MPRegen 0.11/turn               (no ring)

@: no status effects
A: (nimble swimmer 2), mertail
a: no special abilities


You were on level 3 of the Dungeon.
You visited 1 branch of the dungeon, and saw 3 of its levels.

You collected 55 gold pieces.

Inventory:

Hand Weapons
 f - a +0 spear (weapon)
 o - a +0 hunting sling
Missiles
 d - 48 stones
 e - 3 poisoned darts
 j - 22 arrows
 m - 25 bolts
Armour
 a - a +0 robe (worn)
 k - a +0 scale mail
 l - a +0 plate armour
Jewellery
 i - a +6 ring of strength
Scrolls
 h - 2 scrolls of fear {unknown}
Potions
 b - a potion of cancellation {unknown}
 c - a potion of degeneration {unknown}
 g - a potion of curing {unknown}
 n - a potion of heal wounds {unknown}


   Skills:
 * Level 0.6 Fighting
 + Level 0.2 Short Blades
 * Level 0.6 Polearms
 * Level 0.5 Armour
 * Level 3.6 Dodging
 - Level 2.1 Stealth
 * Level 2.8 Spellcasting
 + Level 4.3 Summonings


You had 5 spell levels left.
You knew the following spells:

 Your Spells              Type           Power      Damage    Failure   Level
a - Summon Small Mammal   Summ           64%        N/A       3%          1
b - Call Imp              Summ           16%        N/A       4%          2

Your spell library contained the following spells:

 Spells                   Type           Power      Damage    Failure   Level
 Call Canine Familiar     Summ           16%        N/A       10%         3
 Summon Guardian Golem    Hex/Summ       9%         N/A       24%         3
 Summon Lightning Spire   Summ/Air       9%         N/A       61%         4


Dungeon Overview and Level Annotations

Branches:
Dungeon (3/15)

Altars:
Okawaru


Innate Abilities, Weirdness & Mutations

((You are very nimble when in or above water. (Stealth+, EV+, Speed+++)))
Your lower body shifts to a powerful aquatic tail in water.


Message History

You are too injured to fight recklessly!
You are too injured to fight recklessly!
You are too injured to fight recklessly!
You hit the adder but do no damage.
The adder is heavily wounded.
You feel sick. The adder bites you.
* * * LOW HITPOINT WARNING * * *
Your crimson imp hits the adder.
You closely miss the adder. Your punch misses the adder.
The adder is severely wounded.
You feel sick.
You are no longer poisoned.
The adder barely misses you.
Your crimson imp hits the adder.
The adder bites you.
* * * LOW HITPOINT WARNING * * *
You barely miss the adder.
The adder is almost dead.
The adder closely misses you.
Your crimson imp closely misses the adder.
There is a stone staircase leading down here.
The adder bites you but does no damage.
You miss the adder.
The adder is almost dead.
The adder closely misses you.
Your crimson imp hits the adder.
The adder barely misses your crimson imp.
You miss the adder.
The adder is almost dead.
Your crimson imp completely misses the adder.
The adder bites you.
* * * LOW HITPOINT WARNING * * *
You barely miss the adder.
The adder is almost dead.
The adder barely misses you.
Your crimson imp barely misses the adder.
You closely miss the adder.
The adder is almost dead.
The adder bites you but does no damage.
Your crimson imp barely misses the adder.
The adder bites you.
You die...

#.....)#####
#.##.......#
#.##..<....#
#.##.#.######
#.##.#......#
#....######.#
###### #.#
#.############.#
...........5S@.#
#####.#.##.##..#
...#.##.#...#
#.#..#.##.#...#
.. #..#.##.#####
# #..#.##.<...
######.....^.#
#.......#######
#..............


You could see an adder (ally target) and a friendly crimson imp (summoned).

Vanquished Creatures
  A dart slug (D:1)
  A hobgoblin (D:2)
  3 jackals (D:1)
  A bat (D:2)
  2 frilled lizards (D:1)
  A kobold (D:1)
  A rat (D:1)
10 creatures vanquished.

Vanquished Creatures (collateral kills)
  3 adders (D:2)
  A worm (D:2)
  A ball python (D:1)
  A giant cockroach (D:1)
  4 goblins
  A hobgoblin (D:1)
  2 jackals (D:1)
  A quokka (D:2)
  4 bats (D:1)
  2 frilled lizards (D:1)
  2 kobolds
  5 rats
27 creatures vanquished.

Grand Total: 37 creatures vanquished

Notes
Turn   | Place    | Note
-------+----------+-------------------------------------------
     0 | D:1      | jimonade the Merfolk Summoner began the quest for the Orb.
     0 | D:1      | Reached XP level 1. HP: 13/13 MP: 3/3
   217 | D:1      | Reached XP level 2. HP: 14/20 MP: 3/5
   315 | D:1      | Learned a level 2 spell: Call Imp
   749 | D:1      | Reached XP level 3. HP: 16/25 MP: 6/6
  1599 | D:2      | Found an iron altar of Okawaru.
  1820 | D:2      | Reached XP level 4. HP: 17/31 MP: 4/8
  2425 | D:3      | Slain by an adder

Illustrated notes

Levels and vault maps discovered:
D:1:      psy_arrival_radial01, layout_basic
D:2:      layout_rooms, basic_altar
D:3:      layout_basic, serial_corexii_hall, corexii_hall_statues_i,
          chequers_hall_statues_corner_a, wander_ebering_terrifying_dragon_lair,
          uniq_grinder

Skill      XL: |  1  2 |
---------------+-------+-----
Dodging        | 3 |  3.6
Fighting       | |  0.6
Short Blades   | |  0.2
Polearms       | |  0.6
Armour         | |  0.5
Stealth        | |  2.1
Spellcasting   | |  2.8
Summonings     | |  4.3

Action                   |  1- 3 |  4- 6 || total
-------------------------+-------+-------++-------
Melee: Dagger            |    25 |       ||    25
       Unarmed           |     2 |       ||     2
       Spear             |    37 |    18 ||    55
       Punch             |     1 |       ||     1
 Cast: Summon Small Mamm |     5 |       ||     5
       Call Imp          |    14 |     4 ||    18
 Stab: Distracted        |     1 |       ||     1
Armor: Robe              |    15 |     2 ||    17
Dodge: Dodged            |    73 |    13 ||    86
